 Dungeon Crawl Stone Soup version 0.30-a0-305-g026cb31310 (webtiles) character file.

Game seed: 4851752582712421520

730975 Bnni the Slayer (level 27, -3/225 (245) HPs)
             Began as a Formicid Fighter on Oct 24, 2022.
             Was the Champion of Okawaru.
             Slain by a doom hound (12 damage)
             ... on level 3 of Tartarus on Oct 25, 2022.
             The game lasted 04:35:42 (69668 turns).

Bnni the Slayer (Formicid Fighter)                 Turns: 69668, Time: 04:35:42

HP:   -3/225 (245)  AC: 26    Str: 26    XL:     27
MP:   47/47         EV: 19    Int: 20    God:    Okawaru [******]
Gold: 7952          SH: 24    Dex: 18    Spells: 11/48 levels left

rFire   + . .      SeeInvis +    Y - +9 executioner's axe (flame)
rCold   + + +      Faith    .    y - +8 kite shield of Okawaru's Delight {rF+ rCorr Int+4 Stlth+}
rNeg    + + +      Spirit   .    v - +0 ice dragon scales
rPois   +          Reflect  .    (helmet unavailable)
rElec   +          Harm     .    t - +0 cloak "Peimmem" {rN+}
rCorr   +          Rampage  .    P - +0 pair of gloves "Piso Zie" {rElec rPois Will+ SInv}
Will    +....                    k - +2 pair of boots {Fly}
Stlth   ++........               M - amulet of Ascent {RegenMP rF+ rC++ Will-}
HPRegen 0.57/turn                l - ring "Vuff" {rC+ rN+ Str+4 Stlth+}
MPRegen 0.70/turn                X - ring "Kacinusk" {rN+ MP+9 Str-3 Dex+3}

@: mighty, flying, studying 2 skills, silenced, drained, weak-willed
A: permanent stasis, dig shafts and tunnels, antennae 3, four strong arms,
MP-powered wands
}: 6/15 runes: decaying, serpentine, slimy, silver, icy, abyssal
a: Dig, Shaft Self, Renounce Religion


You were on level 3 of Tartarus.
You worshipped Okawaru.
Okawaru was exalted by your worship.
You visited 16 branches of the dungeon, and saw 67 of its levels.
You visited the Abyss 1 time.
You also visited: Bailey, Gauntlet and Ice Cave.

You collected 11034 gold pieces.
You spent 3082 gold pieces at shops.

Inventory:

Hand Weapons
 j - the +8 arbalest of Thoughtfulness {flame, Int+4 SInv}
   (You took it off a salamander on level 3 of the Snake Pit)

   Any ammunition fired from it burns those it strikes, dealing additional fire
   damage.
   Int:       It affects your intelligence (+4).
   SInv:      It lets you see invisible.
 w - the +6 battleaxe of the Living Dead {freeze, +Blink Fly Int+3 Stlth-}
   (Okawaru gifted it to you on level 2 of the Lair of Beasts)

   It freezes those it strikes, dealing additional cold damage.
   It can also slow down cold-blooded creatures.
   Int:       It affects your intelligence (+3).
   Fly:       It grants you flight.
   +Blink:    It lets you blink.
   Stlth:     It makes you less stealthy.
 z - a +5 hand crossbow of freezing
 A - a +0 executioner's axe of venom
 G - the +8 executioner's axe of Severance {vamp, rC+ Str+4}
   (You acquired it on level 2 of the Vaults)

   It occasionally heals its wielder for a portion of the damage dealt when it
   wounds a living foe.
   Str:       It affects your strength (+4).
   rC:        It protects you from cold.
 Q - a +2 triple crossbow of freezing
 Y - a +9 executioner's axe of flaming (weapon)
Missiles
 u - 12 throwing nets (quivered)
Armour
 e - the +0 chain mail of Usiepav {rC+ Int+7}
   (Okawaru gifted it to you on level 4 of the Snake Pit)

   Int:       It affects your intelligence (+7).
   rC:        It protects you from cold.
 k - a +2 pair of boots of flying (worn)
 t - the +0 cloak "Peimmem" (worn) {rN+}
   (Okawaru gifted it to you in the Arena)

   rN:        It protects you from negative energy.
 v - +0 ice dragon scales (worn)
 y - the +8 kite shield of Okawaru's Delight (worn) {rF+ rCorr Int+4 Stlth+}
   (Okawaru gifted it to you on level 2 of the Orcish Mines)

   Int:       It affects your intelligence (+4).
   rF:        It protects you from fire.
   rCorr:     It protects you from acid and corrosion.
   Stlth:     It makes you more stealthy.
 E - the +8 plate armour of Gluttony {+Blink rN+ Dex-2}
   (Okawaru gifted it to you on level 1 of the Vaults)

   Dex:       It affects your dexterity (-2).
   rN:        It protects you from negative energy.
   +Blink:    It lets you blink.
 P - the +0 pair of gloves "Piso Zie" (worn) {rElec rPois Will+ SInv}
   (Okawaru gifted it to you on level 3 of the Snake Pit)

   rElec:     It insulates you from electricity.
   rPois:     It protects you from poison.
   SInv:      It lets you see invisible.
   Will:      It increases your willpower.
Jewellery
 l - the ring "Vuff" (left hand) {rC+ rN+ Str+4 Stlth+}
   (You took it off a deep elf master archer on level 3 of the Elven Halls)

   [ring of positive energy]

   Str:       It affects your strength (+4).
   rC:        It protects you from cold.
   rN:        It protects you from negative energy.
   Stlth:     It makes you more stealthy.
 K - a ring of flight
 M - the amulet of Ascent (around neck) {RegenMP rF+ rC++ Will-}
   (You found it in an ice cave)

   [amulet of magic regeneration]

   It increases your rate of magic regeneration.
   rF:        It protects you from fire.
   rC:        It greatly protects you from cold.
   Will:      It decreases your willpower.
 R - a +4 ring of slaying
 S - a ring of protection from cold
 V - a ring of protection from fire
 W - a ring of positive energy
 X - the ring "Kacinusk" (right hand) {rN+ MP+9 Str-3 Dex+3}
   (You took it off a necromancer on level 3 of the Crypt)

   [ring of magical power]

   Str:       It affects your strength (-3).
   Dex:       It affects your dexterity (+3).
   rN:        It protects you from negative energy.
   MP:        It affects your magic capacity (+9).
Wands
 a - a wand of iceblast (54)
 c - a wand of digging (28)
 B - a wand of acid (18)
 T - a wand of mindburst (20)
Scrolls
 b - 11 scrolls of fog
 f - 11 scrolls of vulnerability
 h - 9 scrolls of magic mapping
 m - 3 scrolls of enchant weapon
 n - 3 scrolls of poison
 q - 8 scrolls of amnesia
 s - 12 scrolls of fear
 x - 11 scrolls of torment
 Z - 4 scrolls of enchant armour
Potions
 d - 3 potions of might
 g - 8 potions of cancellation
 i - a potion of magic
 o - 2 potions of heal wounds
 p - 12 potions of brilliance
 r - 12 potions of mutation
 C - 11 potions of invisibility
 J - 3 potions of resistance
 N - 7 potions of curing
 U - 4 potions of attraction


   Skills:
 - Level 26.0 Fighting
 - Level 24.0 Axes
 - Level 13.0 Ranged Weapons
 + Level 22.7 Armour
 - Level 15.0 Dodging
 - Level 21.0 Shields
 - Level 11.2 Spellcasting
 - Level 3.0 Hexes
 * Level 21.3 Translocations
 - Level 4.0 Transmutations
 - Level 3.0 Air Magic
 - Level 13.0 Invocations


You had 11 spell levels left.
You knew the following spells:

 Your Spells              Type           Power      Damage    Failure   Level
a - Apportation           Tloc           100%       N/A       0%          1
b - Teleport Other        Tloc           77%        N/A       0%          3
c - Lesser Beckoning      Tloc           100%       N/A       0%          3
d - Portal Projectile     Hex/Tloc       100%       N/A       1%          3
e - Dispersal             Tloc           38%        N/A       1%          6
f - Manifold Assault      Tloc           77%        N/A       1%          4
g - Vhi's Electric Charg  Tloc/Air       100%       N/A       1%          3
h - Disjunction           Tloc           38%        N/A       13%         8
i - Passage of Golubria   Tloc           77%        N/A       1%          4
w - Wereblood             Tmut           27%        N/A       3%          2

Your spell library contained the following spells:

 Spells                   Type           Power      Damage    Failure   Level
 Gell's Gravitas          Tloc           77%        N/A       0%          3
 Momentum Strike          Conj/Tloc      100%       3d10      1%          2
 Kindle Blastsparks       Fire/Tloc/Air  86%        2d17      1%          3
 Beastly Appendage        Tmut           54%        N/A       2%          1
 Slow                     Hex            92%        N/A       3%          1
 Sting                    Tmut/Pois      76%        1d6       6%          1
 Passwall                 Tmut/Erth      15%        N/A       9%          2
 Poisonous Vapours        Pois/Air       34%        N/A       11%         2
 Confusing Touch          Hex            23%        N/A       12%         3
 Foxfire                  Conj/Fire      44%        2x1d6     13%         1
 Kiss of Death            Conj/Necr      44%        2d8       13%         1
 Magic Dart               Conj           44%        1d5       13%         1
 Necrotise                Necr           44%        1d6       13%         1
 Sandblast                Erth           22%        2d7       13%         1
 Cigotuvi's Dreadful Rot  Necr/Pois/Air  30%        N/A       13%         2
 Spider Form              Tmut/Pois      19%        N/A       17%         3
 Searing Ray              Conj           22%        2d5       21%         2
 Sublimation of Blood     Necr           11%        N/A       21%         2
 Ignite Poison            Fire/Tmut/Pois 16%        N/A       22%         3
 Inner Flame              Hex/Fire       17%        N/A       22%         3
 Mephitic Cloud           Conj/Pois/Air  15%        N/A       26%         3
 Hailstorm                Conj/Ice       11%        3d5       36%         3
 Ozocubu's Armour         Ice            11%        N/A       36%         3
 Stone Arrow              Conj/Erth      22%        3d8       36%         3
 Vampiric Draining        Necr           11%        2d6       36%         3
 Airstrike                Air            11%        2d(2-18)  36%         4
 Ice Form                 Ice/Tmut       19%        N/A       50%         4
 Petrify                  Tmut/Erth      19%        N/A       50%         4
 Anguish                  Hex/Necr       8%         N/A       56%         4
 Fulminant Prism          Conj/Hex       8%         3d7       56%         4
 Leda's Liquefaction      Hex/Erth       8%         N/A       56%         4
 Blade Hands              Tmut           13%        N/A       56%         5
 Silence                  Hex/Air        11%        N/A       71%         5
 Dispel Undead            Necr           11%        3d9       78%         4
 Flame Wave               Conj/Fire      11%        2d6       78%         4
 Olgreb's Toxic Radiance  Pois           11%        N/A       78%         4
 Sticky Flame             Conj/Fire      11%        2d3       78%         4
 Alistair's Intoxication  Tmut/Pois      12%        N/A       85%         5
 Irradiate                Conj/Tmut      9%         3d14      85%         5
 Arcjolt                  Conj/Air       8%         1d18      89%         5
 Lightning Bolt           Conj/Air       8%         1d21      89%         5
 Metabolic Englaciation   Hex/Ice        8%         N/A       89%         5
 Freezing Cloud           Conj/Ice/Air   7%         6-21      94%         5
 Agony                    Necr           11%        N/A       98%         5
 Borgnjor's Vile Clutch   Necr/Erth      5%         N/A       98%         5
 Iskenderun's Battlesphe  Conj           11%        2d7       98%         5
 Eringya's Noxious Bog    Tmut/Pois      9%         N/A       100%        6
 Iron Shot                Conj/Erth      5%         9d2       100%        6
 Starburst                Conj/Fire      5%         6d4       100%        6
 Statue Form              Tmut/Erth      12%        N/A       100%        6
 Dragon Form              Tmut           13%        N/A       100%        7
 Orb of Destruction       Conj           5%         9d5       100%        7
 Ozocubu's Refrigeration  Ice            5%         4d8       100%        7
 Ignition                 Fire           5%         3d4       100%        8
 Lehudib's Crystal Spear  Conj/Erth      5%         10d3      100%        8
 Maxwell's Capacitive Co  Air            11%        ∞         100%        8
 Necromutation            Tmut/Necr      9%         N/A       100%        8
 Chain Lightning          Conj/Air       8%         3d11      100%        9
 Death's Door             Necr           5%         N/A       100%        9
 Fire Storm               Conj/Fire      5%         8d2       100%        9
 Shatter                  Erth           5%         3d8*      100%        9
 Blink                    Tloc           Unusable   N/A       N/A         2
 Swiftness                Air            Unusable   N/A       N/A         3
 Summon Small Mammal      Summ           Unusable   N/A       N/A         1
 Summon Guardian Golem    Hex/Summ       Unusable   N/A       N/A         3
 Call Canine Familiar     Summ           Unusable   N/A       N/A         3
 Summon Lightning Spire   Summ/Air       Unusable   N/A       N/A         4
 Animate Armour           Summ/Erth      Unusable   N/A       N/A         4
 Animate Dead             Necr           Unusable   N/A       N/A         4
 Death Channel            Necr           Unusable   N/A       N/A         6
 Simulacrum               Ice/Necr       Unusable   N/A       N/A         6
 Spellforged Servitor     Conj/Summ      Unusable   N/A       N/A         7
 Infestation              Necr           Unusable   N/A       N/A         8

Dungeon Overview and Level Annotations

Branches:
Dungeon (15/15)            Temple (1/1) D:4            Lair (5/5) D:11
  Swamp (4/4) Lair:3        Snake (4/4) Lair:3        Slime (5/5) Lair:5
    Orc (2/2) D:12            Elf (3/3) Orc:2        Vaults (5/5) D:13
  Crypt (3/3) Vaults:3       Tomb (1/3) Crypt:3      Depths (4/4) D:15
   Hell (visited)             Dis (0/7) Hell            Geh (0/7) Hell
    Coc (7/7) Hell            Tar (3/7) Hell            Zot (4/5) Depths:4
 Bailey (visited)           IceCv (visited)         Gauntlet (visited)

Altars:
Ashenzari
Cheibriados
Dithmenos
Elyvilon
Fedhas
Gozag
Hepliaklqana
Kikubaaqudgha
Makhleb
Nemelex Xobeh
Okawaru
Qazlal
Ru
Sif Muna
Trog
Uskayaw
Vehumet
Wu Jian
Xom
Yredelemnul
Zin
The Shining One
Jiyva

Shops:
D:4 *   D:6 (   Orc:2 [=**   Elf:1 (   Elf:3 (   Snake:3 ?[[[:   Vaults:1 !

Portals:
Hell: Lair:5 Depths:1 Depths:2 Depths:3 Depths:4
Abyss: Depths:3
Pandemonium: Depths:2 Depths:3
Ziggurat: Depths:1

Annotations:
Zot:4 6 transporters


Innate Abilities, Weirdness & Mutations

You cannot be hasted, slowed, berserked, paralysed or teleported.
You can dig through walls and to a lower floor.
You have a pair of large antennae on your head. (SInv)
Your four strong arms can wield two-handed weapons with a shield.
You expend magic power (3 MP) to strengthen your wands.


Message History

You feel very sick. You block the doom hound's attack.
The doom hound claws you!
* * * LOW HITPOINT WARNING * * *
The putrid mouth bites you but does no damage.
You block the putrid mouth's attack.
You feel much better.
You feel very sick. The doom hound bites you!
* * * LOW HITPOINT WARNING * * *
The doom hound claws you but does no damage.
You block the putrid mouth's attack. The putrid mouth barely misses you.
You block the doom hound's attack. The doom hound claws you!
* * * LOW HITPOINT WARNING * * *
You feel better. You block the doom hound's attack. x2
The putrid mouth throws miasma at you.
The foul vapour engulfs you but does no damage.
You hit the putrid mouth. You burn the putrid mouth.
The putrid mouth is almost destroyed.
You closely miss the doom hound.
You are engulfed in dark miasma.
You are poisoned.
* * * LOW HITPOINT WARNING * * *
You feel very sick. The doom hound bites you!
* * * LOW HITPOINT WARNING * * *
The doom hound misses you.
You feel better.
You are engulfed in dark miasma.
* * * LOW HITPOINT WARNING * * *
You block the putrid mouth's attack. x2; You block the doom hound's attack.
The doom hound claws you but does no damage.
You feel much better.
You are engulfed in dark miasma.
You are poisoned.
* * * LOW HITPOINT WARNING * * *
x2 You feel very sick.
You block the putrid mouth's attack.
The putrid mouth claws you but does no damage.
You block the doom hound's attack. The doom hound claws you!
* * * LOW HITPOINT WARNING * * *
Okay, then.
You feel better. You block the doom hound's attack. The doom hound claws you!
You die...

....##...##
..#
#........#
#..
........## .
#.#.#...# #
####..##
.#.#.###..##
.....W#....#
.....###W##.#
....2Dh@.#
..#
.....###†#
....{ ... {
..# ..... .
#.# ..#.##
... .##.#
...{## # ....
...


You could see a bone dragon, a doom hound (unsilenced), a putrid mouth (catching
breath) and a tormentor (unsilenced).

Vanquished Creatures
  the Royal Jelly (Slime:5)
  Antaeus (Arena)
  Dissolution (Slime:5)
  A dread lich (Depths:1)
  3 ancient liches
  Khufu (Crypt:3)
  An orb of fire (Zot:1)
  Mara (Depths:2)
  Josephina (Zot:1)
  3 royal mummies
  The ghost of Wuppom the Warrior, a veteran GrFi of the Shining One (Crypt:2)
  Sojobo (Crypt:3)
  Vv (Crypt:3)
  A Killer Klown (Zot:3)
  18 shard shrikes
  Frederick (Crypt:3)
  A curse toe (Arena)
  Saint Roka (Vaults:1)
  A caustic shrike (Depths:2)
  Geryon (Hell)
  Vashnia (Snake:4)
  4 golden dragons
  Jory (Vaults:5)
  4 bone dragons
  the Enchantress (Depths:2)
  2 Tzitzimimeh
  An electric golem (Zot:4)
  3 walking crystal tomes
  2 doom hounds
  4 liches
  16 Ice Fiends
  A spectral shard shrike (Tar:3)
  17 tentacled monstrosities
  Jorgrun (Orc:2)
  A tainted leviathan (Tar:2)
  A walking earthen tome (Depths:2)
  Mlioglotl (Snake:4)
  4 deep elf blademasters
  16 titans
  A walking frostbound tome (Depths:2)
  2 deep elf master archers (Elf:3)
  7 sphinxes
  The ghost of Alont the Protected, an adept TrFi of Cheibriados (Swamp:2)
  18 acid blobs
  5 quicksilver dragons
  6 ancient champions
  Gastronok (Lair:1)
  4 death cobs
  4 shadow dragons
  The ghost of Badeiliu the Brawler, an adept DrGl of Dithmenos (Swamp:4)
  A thorn hunter (Swamp:1)
  9 tengu reavers
  5 tentacled starspawn
  Kirke (Swamp:4)
  18 azure jellies
  7 revenants
  Roxanne (Snake:1)
  3 fenstrider witches
  6 storm dragons
  6 draconian monks
  9 rockslimes
  A daeva (Abyss:2)
  10 nagarajas
  2 draconian knights
  Aizul (Vaults:4)
  4 iron dragons
  7 frost giants
  9 fire giants
  17 narguns
  6 draconian shifters
  5 draconian scorchers
  5 deep elf sorcerers
  4 deep elf elementalists (Elf:3)
  A spectral caustic shrike (Tar:1)
  19 vault wardens
  A ghost moth (Abyss:3)
  8 draconian stormcallers
  5 curse skulls
  2 balrugs
  A spectral juggernaut (Tar:1)
  3 shard shrike simulacra
  10 reapers
  An angel (Abyss:3)
  5 spriggan defenders
  13 ironbound preservers
  6 orc warlords
  5 draconian annihilators
  A caustic shrike skeleton (Crypt:1)
  A juggernaut skeleton (Crypt:3)
  6 ghouls (Crypt:2)
  7 war gargoyles
  17 stone giants
  32 very ugly things
  4 ironbound thunderhulks
  7 quicksilver oozes
  8 bennus
  9 vampire knights
  8 deep elf demonologists
  3 eleionomae
  3 spectral titans
  10 green draconians
  4 purple draconians
  A starcursed mass (Abyss:3)
  19 elemental wellsprings
  4 dire elephants
  8 wendigos (Coc:7)
  A lorocyproca (Hell)
  5 red draconians
  Azrael (Arena)
  A putrid mouth (Crypt:2)
  2 spectral hellephants (Crypt:2)
  9 deep elf annihilators (Elf:3)
  9 black draconians
  A white draconian (Zot:4)
  9 yellow draconians
  A minotaur (Gauntlet)
  Snorg (D:11)
  6 bunyips
  19 eidola
  14 ettins
  A green death (Abyss:3)
  A crystal guardian (Vaults:4)
  3 blizzard demons
  3 mummy priests
  2 iron golems (Hell)
  A spectral iron giant (Tar:3)
  7 fire dragons
  13 deep elf death magi
  3 shambling mangroves (Swamp:4)
  9 great orbs of eyes
  12 yaktaur captains
  An entropy weaver (Vaults:2)
  6 jiangshi
  A spectral spriggan (Tar:1)
  2 spriggan zombies (Crypt:3)
  30 vault guards
  3 deep elf high priests
  4 hell beasts
  19 hydras
  3 peacekeepers (Vaults:4)
  4 rakshasas
  2 salamander tyrants
  10 caustic shrike simulacra
  14 ice dragons
  5 ogre magi
  6 spriggan air magi
  2 ghost crabs (Swamp:4)
  6 boulder beetles
  8 ironbound frosthearts
  11 alligators
  3 juggernaut simulacra
  5 anacondas
  8 two-headed ogres
  Erica (Lair:1)
  4 centaur warriors
  19 naga warriors
  3 death yaks (Lair:1)
  5 deep troll earth magi
  9 deep troll shamans
  30 dancing weapons
  A spectral human (Tar:2)
  3 thrashing horrors
  A titan zombie (Crypt:3)
  4 hell hogs
  7 vampire magi
  6 orc high priests
  3 tengu warriors
  12 death scarabs (Tomb:1)
  4 spriggan berserkers
  14 soul eaters
  7 shock serpents
  18 deep elf knights
  12 hell knights
  2 spectral elves (Crypt:2)
  8 sun demons
  18 naga sharpshooters
  5 iron trolls
  3 wretched stars
  8 quicksilver dragon simulacra
  4 salamander mystics
  9 shadow wraiths
  2 sixfirhies
  A death drake (Swamp:4)
  8 sea snakes
  18 skeletal warriors
  45 deep trolls
  2 anaconda zombies
  5 goliath frogs
  6 bog bodies
  A deep troll (shapeshifter) (Vaults:5)
  6 spriggan druids
  12 glowing orange brains
  17 phantasmal warriors
  A spectral hydra (Tar:1)
  A spriggan simulacrum (Coc:1)
  8 naga ritualists
  18 deep elf archers
  An orange crystal statue (IceCv)
  23 ironbound convokers
  17 swamp dragons
  9 flayed ghosts
  5 wizards
  An iron dragon zombie (Crypt:3)
  3 harpies (Vaults:2)
  A spectral iron dragon (Tar:3)
  11 lindwurms
  25 deep elf pyromancers
  27 deep elf zephyrmancers
  14 mana vipers
  A jorogumo zombie (Crypt:2)
  21 necromancers
  A fire giant zombie (Crypt:1)
  An anaconda skeleton (Hell)
  22 orc knights
  7 will-o-the-wisps
  5 orc sorcerers
  A wolf spider (Crypt:3)
  A jorogumo skeleton (Crypt:2)
  5 cyclopes
  A manticore (shapeshifter) (Vaults:5)
  2 shining eyes
  44 ugly things
  19 salamanders
  14 moths of wrath
  2 manticores
  A spectral alligator snapping turtle (Tar:1)
  5 elephants
  7 guardian serpents
  7 rust devils
  Maurice (Orc:2)
  2 black mambas (shapeshifter)
  2 centaur zombies (Crypt:3)
  An iron dragon skeleton (Crypt:1)
  A spectral centaur (Tar:2)
  An apocalypse crab (Abyss:2)
  2 worldbinders
  An ice statue (Coc:7)
  A dire elephant zombie (Crypt:3)
  18 naga magi
  57 black mambas
  9 smoke demons
  10 vault sentinels
  4 molten gargoyles (Hell)
  3 orange demons
  12 cane toads
  4 titan simulacra
  A gargoyle (D:14)
  Maggie (D:8)
  2 eyes of devastation
  A centaur skeleton (Tomb:1)
  4 storm dragon simulacra (IceCv)
  2 torpor snails (Lair:5)
  An unseen horror (shapeshifter) (Abyss:1)
  2 naga skeletons (Crypt:3)
  36 yaktaurs
  8 hellions
  An unseen horror (Abyss:2)
  11 komodo dragons
  4 anaconda simulacra
  A dire elephant skeleton (Crypt:3)
  13 freezing wraiths
  A demonic crawler (Hell)
  A black draconian zombie (Crypt:1)
  A yaktaur skeleton (Vaults:4)
  A kobold demonologist (D:9)
  2 rime drakes (Lair:5)
  A sea snake zombie (Hell)
  4 tengu conjurers
  An efreet (D:13)
  15 hellwings
  5 red devils
  6 tormentors
  4 ice devils
  A spectral naga (Tar:1)
  A catoblepas skeleton (Crypt:3)
  A spectral harpy (Tar:1)
  3 bunyip simulacra (Coc:2)
  3 harpy zombies (Crypt:3)
  9 guardian mummies (Tomb:1)
  2 silent spectres (Abyss:3)
  6 golden dragon simulacra
  An iron giant simulacrum (Coc:7)
  2 polar bears
  A tarantella (shapeshifter) (Vaults:5)
  102 slime creatures
  3 meliai (D:13)
  9 trolls
  An alligator zombie (Hell)
  A troll (shapeshifter) (Depths:1)
  8 tyrant leeches
  A wolf spider simulacrum (Gauntlet)
  Prince Ribbit (D:8)
  14 hornets
  13 blink frogs
  2 spectral guardian serpents (Crypt:1)
  A satyr zombie (Crypt:2)
  An ice dragon zombie (Crypt:2)
  A raiju (Abyss:1)
  2 harpy skeletons (Crypt:3)
  2 hydra skeletons
  4 flying skulls (Tomb:1)
  A jumping spider (Vaults:2)
  3 centaur simulacra (Gauntlet)
  A stone giant simulacrum (Coc:1)
  2 air elementals
  2 shadows
  12 spriggans
  2 vampires
  2 ynoxinuls (Depths:3)
  9 wraiths
  5 wyverns
  44 yaks
  4 ushabtiu
  An ettin skeleton (Crypt:3)
  8 water elementals
  2 dire elephant simulacra (Coc:1)
  4 fire elementals
  Grum (D:8)
  2 alligator snapping turtle simulacra (Coc:1)
  4 hogs (Swamp:4)
  A human (Swamp:4)
  A fire bat (Abyss:2)
  14 golden eyes
  A basilisk (shapeshifter) (Vaults:5)
  A hog (shapeshifter) (D:13)
  A purple draconian simulacrum (Zot:1)
  A sea snake simulacrum (Hell)
  2 steam dragons
  7 redbacks
  A chaos spawn (Abyss:1)
  9 vampire mosquitoes
  5 basilisks
  9 large abominations
  Menkaure (D:6)
  A neqoxec (D:12)
  10 harpy simulacra
  A human simulacrum (Vaults:4)
  43 nagas
  A green draconian simulacrum (Zot:1)
  12 wargs
  3 small abominations (Abyss:2)
  11 swamp worms
  2 floating eyes
  2 acid dragons
  20 water moccasins
  7 hell hounds
  3 hydra simulacra
  A sky beast (D:7)
  7 swamp drakes
  A two-headed ogre skeleton (Crypt:1)
  A deep troll skeleton (Crypt:2)
  47 orc warriors
  An ice beast (D:8)
  An ice beast (shapeshifter) (D:13)
  2 black bears
  6 ettin simulacra
  8 ice dragon simulacra (IceCv)
  20 ogres
  13 centaurs
  A lindwurm skeleton (Crypt:1)
  10 wolves
  A phantom (D:4)
  4 kobold brigands
  4 elf zombies
  3 necrophages (Crypt:2)
  16 bullfrogs
  A demonspawn simulacrum (Coc:1)
  3 earth elementals
  A gnoll sergeant (D:12)
  A cane toad simulacrum (Gauntlet)
  A naga simulacrum (Coc:4)
  5 scorpions
  A water moccasin zombie (Crypt:1)
  A cyclops skeleton (Crypt:1)
  9 wights (D:9)
  8 wyvern skeletons
  5 killer bees (D:9)
  4 lindwurm simulacra (IceCv)
  3 spriggan skeletons
  A troll skeleton (Crypt:1)
  5 howler monkeys
  2 electric eels (Snake:3)
  4 quasits
  5 hounds
  14 jellies
  Crazy Yiuf (D:7)
  35 orc priests
  A gnoll bouda (D:9)
  8 iguanas
  15 orc wizards
  Natasha (thrice) (D:4)
  13 hell rats
  A deep dwarf skeleton (Crypt:2)
  5 naga zombies
  17 mummies
  Robin (D:4)
  10 adders
  17 gnolls
  A swamp drake zombie (Crypt:1)
  2 shadow imps
  3 white imps
  An ufetubus (D:7)
  2 worms
  A dart slug (D:2)
  108 orcs
  2 ball pythons
  7 endoplasms
  3 giant cockroaches
  8 hobgoblins
  A jackal (D:4)
  7 quokkas
  4 bats
  4 frilled lizards
  A frilled lizard zombie (Crypt:1)
  21 goblins
  22 kobolds
  6 rats
  A spectral hobgoblin (D:8)
  5 starspawn tentacles
2795 creatures vanquished.

Vanquished Creatures (others)
  A lich (Vaults:5)
  The ghost of Siov the Stormcaller, a journeyman BaAE of Ashenzari (Snake:3)
  A shard shrike simulacrum (Coc:7)
  A wendigo (Coc:7)
  An alligator (Swamp:1)
  3 spriggan simulacra (Coc:7)
  A salamander (Snake:3)
  A naga mage (Snake:3)
  2 bloated husks (Swamp:1)
  A hornet (Swamp:1)
  A slime creature (Slime:5)
  A dire elephant simulacrum (Coc:7)
  A naga (Snake:3)
  A hydra simulacrum (Coc:7)
  A jelly (Abyss:3)
  An orc (Orc:2)
  2 briar patches (Swamp:1)
  16 demonic plants
  34 foxfires
  22 fungi
  A lurking horror (Abyss:2)
  48 plants
  5 starspawn tentacles
  35 withered plants (Crypt:3)
182 creatures vanquished.

Grand Total: 2977 creatures vanquished

Notes
Turn   | Place    | Note
-------+----------+-------------------------------------------
     0 | D:1      | Bnni the Formicid Fighter began the quest for the Orb.
     0 | D:1      | Reached XP level 1. HP: 18/18 MP: 1/1
   124 | D:1      | Reached XP level 2. HP: 24/24 MP: 2/2
   600 | D:2      | Reached XP level 3. HP: 26/29 MP: 3/3
   732 | D:2      | Identified the +1 pair of gloves of Peum {Str+3 Int+4}
  1297 | D:3      | Found a burning altar of Makhleb.
  1315 | D:3      | Reached XP level 4. HP: 36/37 MP: 4/4
  1542 | D:3      | Found an ornate altar of the Wu Jian Council.
  1701 | D:4      | Found a staircase to the Ecumenical Temple.
  1722 | Temple   | Entered the Ecumenical Temple
  1781 | Temple   | Became a worshipper of Warmaster Okawaru
  1865 | D:4      | Noticed an orc warrior
  1876 | D:4      | Noticed an ogre
  1890 | D:3      | Reached skill level 4 in Fighting
  1890 | D:3      | Reached XP level 5. HP: 41/42 MP: 5/5
  1902 | D:4      | Reached skill level 5 in Shields
  1903 | D:4      | Reached XP level 6. HP: 47/49 MP: 6/6
  1944 | D:4      | Reached skill level 1 in Invocations
  1956 | D:4      | Killed an ogre
  1956 | D:4      | Reached * piety under Okawaru
  1957 | D:4      | Reached skill level 5 in Fighting
  1957 | D:4      | Reached skill level 5 in Axes
  1992 | D:4      | Reached XP level 7. HP: 33/52 MP: 5/8
  2024 | D:4      | Found Zofyn's Assorted Antiques.
  2024 | D:4      | Noticed Natasha
  2038 | D:4      | Killed Natasha
  2074 | D:4      | Noticed Natasha
  2081 | D:4      | Killed Natasha
  2109 | D:4      | Identified the amulet of Qiwire {Regen+ Int-4 Dex+4 SInv}
  2141 | D:4      | Noticed Robin
  2157 | D:4      | Killed Robin
  2183 | D:4      | Noticed Natasha
  2194 | D:4      | Killed Natasha
  2194 | D:4      | Reached ** piety under Okawaru
  2201 | D:4      | Reached XP level 8. HP: 64/64 MP: 10/10
  2223 | D:4      | Noticed a yak
  2235 | D:4      | Killed a yak
  2236 | D:4      | Reached skill level 6 in Fighting
  2581 | D:5      | Entered Level 5 of the Dungeon
  2747 | D:5      | Reached *** piety under Okawaru
  2748 | D:5      | Reached skill level 5 in Invocations
  2748 | D:5      | Reached XP level 9. HP: 70/71 MP: 12/12
  3187 | D:6      | Reached skill level 7 in Fighting
  3267 | D:6      | Reached **** piety under Okawaru
  3302 | D:6      | Found Qaclon's Weapon Boutique.
  3367 | D:6      | Noticed Menkaure
  3378 | D:6      | Killed Menkaure
  3380 | D:6      | Identified the +1 robe of Dithmenos's Favour {rElec rN+
                  | Dex-3 SInv}
  3390 | D:6      | Reached XP level 10. HP: 70/80 MP: 15/15
  3419 | D:6      | Reached skill level 8 in Fighting
  4535 | D:7      | Reached skill level 10 in Axes
  4835 | D:7      | Found a runed translucent door.
  4836 | D:7      | Noticed Crazy Yiuf
  4843 | D:7      | Killed Crazy Yiuf
  4964 | D:8      | Found a sparkling altar of Nemelex Xobeh.
  5008 | D:8      | Noticed Maggie
  5010 | D:8      | Noticed Prince Ribbit
  5015 | D:8      | Killed Prince Ribbit
  5026 | D:8      | Killed Maggie
  5141 | D:8      | Found a white marble altar of Elyvilon.
  5202 | D:8      | Found a flagged portal.
  5238 | Bailey   | Entered a bailey
  5605 | D:8      | Reached skill level 9 in Fighting
  5612 | D:8      | Found a glowing golden altar of the Shining One.
  5792 | D:8      | Found a hazy altar of Hepliaklqana.
  5884 | D:8      | Noticed Grum
  5890 | D:8      | Killed Grum
  5890 | D:8      | Reached ***** piety under Okawaru
  5952 | D:8      | Reached XP level 11. HP: 89/89 MP: 17/17
  6323 | D:9      | Identified the +1 kite shield of the Garden {Int+2}
                  | (Okawaru gifted it to you on level 9 of the Dungeon)
  6323 | D:9      | Received a gift from Okawaru
  6636 | D:10     | Entered Level 10 of the Dungeon
  6779 | D:10     | Found a glowing silver altar of Zin.
  7307 | D:10     | Noticed a two-headed ogre
  7313 | D:10     | Killed a two-headed ogre
  7590 | D:10     | Found an ancient bone altar of Kikubaaqudgha.
  7784 | D:11     | Noticed a cyclops
  7796 | D:11     | Killed a cyclops
  7797 | D:11     | Reached skill level 10 in Fighting
  7878 | D:11     | You fall into a shaft and drop 1 floor!
  7903 | D:12     | Noticed a boulder beetle
  7904 | D:11     | Noticed a boulder beetle
  7916 | D:11     | Killed a boulder beetle
  7917 | D:11     | Reached XP level 12. HP: 95/97 MP: 19/19
  7988 | D:11     | Reached skill level 10 in Invocations
  8062 | D:11     | Received a gift from Okawaru
  8137 | D:11     | Found a staircase to the Lair.
  8357 | D:11     | Identified the ring of Viawn {Fly rPois rC- EV+4 Dex+2}
  8359 | D:11     | Noticed Snorg
  8375 | D:11     | Killed Snorg
  8376 | D:11     | Reached skill level 10 in Shields
  9002 | D:12     | Killed a boulder beetle
  9047 | D:12     | Noticed a two-headed ogre
  9053 | D:12     | Killed a two-headed ogre
  9054 | D:12     | Found a staircase to the Orcish Mines.
  9106 | D:12     | Noticed a two-headed ogre
  9116 | D:12     | Killed a two-headed ogre
  9189 | D:12     | Noticed a two-headed ogre
  9193 | D:12     | Killed a two-headed ogre
  9194 | D:12     | Reached skill level 11 in Fighting
  9194 | D:12     | Reached skill level 5 in Armour
  9493 | D:12     | Noticed a two-headed ogre
  9500 | D:12     | Killed a two-headed ogre
  9549 | D:13     | Identified the +1 plate armour of Gravity {rPois Int+2}
                  | (Okawaru gifted it to you on level 13 of the Dungeon)
  9549 | D:13     | Received a gift from Okawaru
  9559 | D:13     | Reached XP level 13. HP: 25/106 MP: 13/21
  9625 | D:13     | Found a bloodstained altar of Trog.
  9713 | D:13     | Noticed an ogre mage
  9736 | D:13     | Killed an ogre mage
  9789 | D:13     | Reached ****** piety under Okawaru
  9925 | D:13     | Found a gate leading to a gauntlet.
  9940 | Gauntlet | Entered a Gauntlet
  9940 | Gauntlet | Found a transporter.
  9940 | Gauntlet | Found a transporter.
  9960 | Gauntlet | Found a runed translucent door.
  9961 | Gauntlet | Found a transporter.
  9962 | Gauntlet | Found a runed translucent door.
  9973 | Gauntlet | Found a transporter.
  9991 | Gauntlet | Found a transporter.
  9991 | Gauntlet | Found a transporter.
  9991 | Gauntlet | Found a transporter.
  9993 | Gauntlet | Found a transporter.
  9993 | Gauntlet | Found a transporter.
 10009 | Gauntlet | Found a transporter.
 10024 | Gauntlet | Found a transporter.
 10034 | Gauntlet | Found a transporter.
 10048 | Gauntlet | Found a transporter.
 10069 | Gauntlet | Found a transporter.
 10355 | Gauntlet | Identified the +0 helmet of Spite {Str+4}
 10416 | Gauntlet | Identified the +2 broad axe of Ecwepya {flame, +Blink rElec
                  | Dex+7}
 10416 | Gauntlet | Identified the ring "Byttyfu" {AC+4 Str+3 Int+2 Dex-3}
 10416 | Gauntlet | Noticed a minotaur
 10424 | Gauntlet | Killed a minotaur
 10661 | D:13     | Reached skill level 12 in Fighting
 10719 | D:13     | Noticed an ogre mage
 10730 | D:13     | Killed an ogre mage
 10797 | D:13     | Noticed a six-headed hydra
 10797 | D:13     | Noticed a centaur warrior
 10806 | D:13     | Killed a centaur warrior
 10806 | D:13     | Identified the +1 robe of Okawaru {rF++} (Okawaru gifted it
                  | to you on level 13 of the Dungeon)
 10806 | D:13     | Received a gift from Okawaru
 10807 | D:13     | Reached skill level 15 in Axes
 10808 | D:13     | Killed a one-headed hydra
 10880 | D:13     | Found a gate to the Vaults.
 10886 | D:13     | Reached XP level 14. HP: 115/115 MP: 23/23
 10887 | D:13     | Got the Grimoire of Generation and the Squall
 11135 | D:14     | Learned a level 1 spell: Apportation
 11334 | D:14     | Identified the +3 war axe of Penasup {vorpal, Int+4}
 11677 | D:15     | Entered Level 15 of the Dungeon
 11938 | D:15     | Found a staircase to the Depths.
 12125 | D:15     | Noticed Azrael
 12147 | Arena    | Entered the Arena
 12148 | Arena    | HP: 3/116 [Azrael/damnation (43)]
 12158 | Arena    | Killed Azrael
 12335 | D:15     | Reached skill level 13 in Fighting
 13135 | Lair:1   | Entered Level 1 of the Lair of Beasts
 13150 | Lair:1   | Received a gift from Okawaru
 13244 | Lair:1   | Found a snail-covered altar of Cheibriados.
 13355 | Lair:1   | Noticed Erica
 13363 | Lair:1   | Killed Erica
 13477 | Lair:1   | Noticed Gastronok
 13485 | Lair:1   | Killed Gastronok
 13605 | Lair:1   | Reached XP level 15. HP: 120/124 MP: 24/24
 13609 | Lair:1   | Learned a level 3 spell: Lesser Beckoning
 13979 | Lair:2   | Identified the +6 battleaxe of the Living Dead {freeze,
                  | +Blink Fly Int+3 Stlth-} (Okawaru gifted it to you on level
                  | 2 of the Lair of Beasts)
 13979 | Lair:2   | Received a gift from Okawaru
 14684 | Lair:3   | Reached skill level 10 in Armour
 14693 | Lair:3   | Reached skill level 1 in Dodging
 14727 | Lair:3   | Found a staircase to the Snake Pit.
 14870 | Lair:3   | Received a gift from Okawaru
 15118 | Lair:3   | Found a staircase to the Swamp.
 15611 | Lair:4   | Reached skill level 14 in Fighting
 16395 | Lair:5   | Entered Level 5 of the Lair of Beasts
 16560 | Lair:5   | Identified the +6 rapier "Xefomoz" {freeze, rCorr Dex+2}
                  | (Okawaru gifted it to you on level 5 of the Lair of Beasts)
 16560 | Lair:5   | Received a gift from Okawaru
 16768 | Lair:5   | Found a staircase to the Slime Pits.
 16769 | Lair:5   | Found a viscous altar of Jiyva.
 16975 | Lair:5   | Reached XP level 16. HP: 74/133 MP: 0/25
 17279 | Lair:5   | Received a gift from Okawaru
 17586 | Lair:5   | Found the +7 sceptre of Torment {pain, torment}
 17740 | Lair:5   | Found a burning altar of Makhleb.
 17778 | Lair:5   | Found a gateway to Hell.
 18536 | Orc:1    | Entered Level 1 of the Orcish Mines
 19318 | Orc:2    | Entered Level 2 of the Orcish Mines
 19810 | Orc:2    | Noticed Maurice
 19823 | Orc:2    | Killed Maurice
 19938 | Orc:2    | Noticed Jorgrun
 19957 | Orc:2    | Killed Jorgrun
 20334 | Orc:2    | Found Nureed's Armour Emporium.
 20427 | Orc:2    | Found Anukh's Jewellery Shoppe.
 20450 | Orc:2    | Bought a +4 ring of slaying for 936 gold pieces
 20513 | Orc:2    | Identified the +8 kite shield of Okawaru's Delight {rF+
                  | rCorr Int+4 Stlth+} (Okawaru gifted it to you on level 2 of
                  | the Orcish Mines)
 20513 | Orc:2    | Received a gift from Okawaru
 20905 | Orc:2    | Found Uwka New's General Store.
 20919 | Orc:2    | Found Enoku's General Store.
 21390 | Orc:2    | Found a staircase to the Elven Halls.
 21434 | Elf:1    | Entered Level 1 of the Elven Halls
 21546 | Elf:1    | Reached skill level 5 in Dodging
 21564 | Elf:1    | Reached XP level 17. HP: 140/140 MP: 8/26
 21710 | Elf:1    | Reached skill level 15 in Fighting
 22234 | Elf:1    | Got the Exposition on Blasphemous Liturgies
 22249 | Elf:1    | Found Jikk's Weapon Shoppe.
 22480 | Elf:1    | Identified the +8 dagger "Fecs" {vorpal, rC+}
 22569 | Elf:1    | Received a gift from Okawaru
 22798 | Elf:2    | Learned a level 3 spell: Portal Projectile
 23011 | Elf:2    | Reached skill level 1 in Translocations
 23082 | Elf:2    | Found an ancient bone altar of Kikubaaqudgha.
 23092 | Elf:2    | Reached skill level 1 in Ranged Weapons
 23092 | Elf:2    | Reached skill level 1 in Spellcasting
 23309 | Elf:2    | Found a runed translucent gate.
 23310 | Elf:2    | Found a runed translucent gate.
 23310 | Elf:2    | Found a runed translucent gate.
 23488 | Elf:2    | Found an ancient bone altar of Kikubaaqudgha.
 23916 | Arena    | Entered the Arena
 23993 | Elf:2    | Received a gift from Okawaru
 24108 | Elf:2    | Reached XP level 18. HP: 151/151 MP: 24/27
 24115 | Elf:2    | Noticed a deep elf blademaster
 24118 | Arena    | Entered the Arena
 24121 | Arena    | Killed a deep elf blademaster
 24122 | Arena    | Reached skill level 15 in Shields
 24643 | Snake:1  | Entered Level 1 of the Snake Pit
 25056 | Snake:1  | Identified Roxanne's Lessons on Reformation
 25056 | Snake:1  | Noticed Roxanne
 25337 | Snake:1  | Reached skill level 5 in Translocations
 25444 | Snake:1  | You are sucked into a shaft and drop 1 floor!
 25909 | Snake:1  | Killed Roxanne
 26032 | Snake:2  | Reached skill level 16 in Fighting
 26828 | Snake:3  | Identified the +0 pair of gloves "Piso Zie" {rElec rPois
                  | Will+ SInv} (Okawaru gifted it to you on level 3 of the
                  | Snake Pit)
 26828 | Snake:3  | Received a gift from Okawaru
 26901 | Snake:3  | Found a bloodstained altar of Trog.
 26909 | Snake:3  | Noticed Siov's ghost (journeyman BaAE)
 26919 | Snake:3  | Found a transporter.
 26925 | Snake:3  | Found a transporter.
 27149 | Snake:3  | Found Ygrukh's Book Shop.
 27158 | Snake:3  | Bought a book of the Warp for 756 gold pieces
 27163 | Snake:3  | Learned a level 4 spell: Manifold Assault
 27192 | Snake:3  | Found Dipu Heh's Antique Armour Emporium.
 27194 | Snake:3  | Found Xeipter's Armour Emporium.
 27194 | Snake:3  | Found Feikha's Antique Armour Shoppe.
 27196 | Snake:3  | Identified the +8 arbalest of Thoughtfulness {flame, Int+4
                  | SInv}
 27197 | Snake:3  | Found Fiorghul's Magic Scroll Shoppe.
 27263 | Snake:3  | Reached skill level 5 in Spellcasting
 27264 | Snake:3  | Reached skill level 1 in Hexes
 27810 | Snake:3  | Reached XP level 19. HP: 158/158 MP: 21/28
 27819 | Snake:3  | Killed Siov's ghost
 27936 | Snake:4  | Entered Level 4 of the Snake Pit
 27936 | Snake:4  | Noticed Vashnia
 27936 | Snake:4  | Noticed Mlioglotl
 28304 | Snake:4  | Identified the +0 chain mail of Usiepav {rC+ Int+7}
                  | (Okawaru gifted it to you on level 4 of the Snake Pit)
 28304 | Snake:4  | Received a gift from Okawaru
 28356 | Snake:4  | Learned a level 6 spell: Dispersal
 28685 | Snake:4  | Killed Vashnia
 29096 | Snake:4  | Reached skill level 17 in Fighting
 29275 | Snake:4  | Reached XP level 20. HP: 154/168 MP: 24/30
 29367 | Snake:4  | Got a serpentine rune of Zot
 29517 | Snake:4  | Killed Mlioglotl
 30162 | Swamp:1  | Entered Level 1 of the Swamp
 30467 | Swamp:1  | Received a gift from Okawaru
 30846 | Swamp:2  | Reached skill level 10 in Translocations
 31174 | Swamp:2  | Found a runed translucent gate.
 31174 | Swamp:2  | Found a runed translucent gate.
 31174 | Swamp:2  | Found a runed translucent gate.
 31175 | Swamp:2  | Noticed Alont's ghost (adept TrFi)
 31212 | Swamp:2  | Killed Alont's ghost
 31764 | Swamp:3  | Received a gift from Okawaru
 31915 | Swamp:3  | Reached skill level 5 in Ranged Weapons
 32280 | Swamp:4  | Entered Level 4 of the Swamp
 32607 | Swamp:4  | Noticed Kirke
 32753 | Swamp:4  | Killed Kirke
 32760 | Swamp:4  | Received a gift from Okawaru
 32808 | Swamp:4  | Noticed a tentacled monstrosity
 32868 | Swamp:4  | Got a decaying rune of Zot
 32904 | Swamp:4  | Noticed a tentacled monstrosity
 32914 | Swamp:4  | Killed a tentacled monstrosity
 32967 | Swamp:4  | Reached XP level 21. HP: 174/175 MP: 27/33
 33180 | Swamp:4  | Found a runed translucent gate.
 33181 | Swamp:4  | Found a runed translucent gate.
 33183 | Swamp:4  | Found a runed translucent gate.
 33191 | Swamp:4  | Noticed Badeiliu's ghost (adept DrGl)
 33203 | Swamp:4  | Identified the +10 hand axe of Caustic Integrity {elec, rF+
                  | Int+2} (Okawaru gifted it to you on level 4 of the Swamp)
 33203 | Swamp:4  | Received a gift from Okawaru
 33215 | Swamp:4  | Killed Badeiliu's ghost
 33795 | Elf:3    | Entered Level 3 of the Elven Halls
 33857 | Elf:3    | Found a frozen archway.
 33888 | IceCv    | Entered an ice cave
 34181 | IceCv    | Noticed a golden dragon
 34193 | IceCv    | Killed a golden dragon
 34194 | IceCv    | Reached skill level 18 in Fighting
 34288 | IceCv    | Identified the amulet "Gastash" {Faith rPois}
 34298 | IceCv    | Identified the amulet of Ascent {RegenMP rF+ rC++ Will-}
 34688 | Elf:3    | Identified the +10 eveningstar of the Final Decision
                  | {venom, Drain rCorr Int-2 Dex+6}
 34703 | Elf:3    | Identified the +7 hand axe "Orb Guardian's Peril" {freeze,
                  | rN+}
 34705 | Elf:3    | Identified the +6 quarterstaff of Tomorrow {pain, Fly}
 34711 | Elf:3    | Received a gift from Okawaru
 34997 | Elf:3    | Noticed a Tzitzimitl
 35262 | Elf:3    | Got the Vellum of the Kinetic Tesseract
 35304 | Elf:3    | Learned a level 3 spell: Teleport Other
 35308 | Elf:3    | Learned a level 3 spell: Vhi's Electric Charge
 35340 | Elf:3    | Received a gift from Okawaru
 35350 | Elf:3    | Got the Handbook of Shapeshifting and Envenoming
 35420 | Elf:3    | Reached skill level 10 in Ranged Weapons
 35523 | Elf:3    | Found Ejiqat's Antique Weapon Boutique.
 35642 | Elf:3    | Identified the ring "Vuff" {rC+ rN+ Str+4 Stlth+}
 35785 | Elf:3    | Identified the +7 mace "Yschom" {pain, rF+ Will++ rCorr}
 36659 | Snake:3  | Bought smouldering swamp dragon scales for 1210 gold pieces
 36659 | Snake:3  | Identified the +0 swamp dragon scales of Resilience
                  | {Rampage rPois Will+ Int+5 Dex-2} (You bought it in a shop
                  | on level 3 of the Snake Pit)
 36843 | Vaults:1 | Entered Level 1 of the Vaults
 37030 | Vaults:1 | Reached XP level 22. HP: 137/186 MP: 30/34
 37183 | Vaults:1 | Identified the +8 plate armour of Gluttony {+Blink rN+
                  | Dex-2} (Okawaru gifted it to you on level 1 of the Vaults)
 37183 | Vaults:1 | Received a gift from Okawaru
 37268 | Vaults:1 | Found Haoqu's Distillery.
 37281 | Vaults:1 | Bought a potion of curing for 45 gold pieces
 37281 | Vaults:1 | Bought a potion of heal wounds for 75 gold pieces
 37281 | Vaults:1 | Bought a potion of might for 60 gold pieces
 37507 | Vaults:1 | Reached skill level 1 in Air Magic
 37970 | Vaults:1 | Noticed Saint Roka
 38001 | Vaults:1 | Killed Saint Roka
 38556 | Vaults:1 | Reached skill level 19 in Fighting
 39807 | Vaults:2 | Received a gift from Okawaru
 40199 | Vaults:2 | Identified the +3 hand axe of Unpleasantness {venom, rN+
                  | Dex+2}
 40576 | Vaults:2 | Identified a scroll of acquirement
 40577 | Vaults:2 | Acquired the +8 executioner's axe of Severance {vamp, rC+
                  | Str+4}
 40640 | Vaults:3 | Found a staircase to the Crypt.
 40651 | Vaults:3 | Reached skill level 10 in Dodging
 41369 | Vaults:3 | Reached XP level 23. HP: 194/194 MP: 35/35
 41651 | Vaults:3 | Identified the ring of Qymaoh {Ice rN+}
 42306 | Vaults:4 | Noticed Aizul
 42321 | Vaults:4 | Killed Aizul
 42563 | Vaults:4 | Received a gift from Okawaru
 42621 | Vaults:4 | Identified the +1 ring mail "Luechait" {Will+}
 43034 | Vaults:4 | Reached skill level 20 in Fighting
 43065 | Vaults:4 | Received a gift from Okawaru
 43382 | Crypt:1  | Entered Level 1 of the Crypt
 44691 | Crypt:2  | Reached XP level 24. HP: 175/204 MP: 35/35
 44759 | Crypt:2  | Found a runed translucent gate.
 44759 | Crypt:2  | Found a runed translucent gate.
 44760 | Crypt:2  | Found a runed translucent gate.
 44760 | Crypt:2  | Noticed Wuppom's ghost (veteran GrFi)
 45208 | Crypt:2  | Received a gift from Okawaru
 45412 | Crypt:2  | Identified the +7 quarterstaff "Pus Dopokk" {elec, *Noise
                  | rPois rCorr Dex+4}
 45723 | Crypt:2  | Found the +18 Lear's hauberk
 45735 | Crypt:2  | Identified the +1 longbow of the Red God {speed, rPois rF+
                  | Int+4 Stlth-}
 46297 | Crypt:2  | Learned a level 3 spell: Gell's Gravitas
 46328 | Crypt:2  | Killed Wuppom's ghost
 46336 | Crypt:2  | Identified the amulet "Exuankopt" {Reflect Int+2 SH+5}
 46400 | Crypt:3  | Entered Level 3 of the Crypt
 46779 | Crypt:3  | Noticed a royal mummy
 46790 | Crypt:3  | Killed a royal mummy
 46790 | Crypt:3  | Received a gift from Okawaru
 46801 | Crypt:3  | Noticed Khufu
 46807 | Crypt:3  | Killed Khufu
 46809 | Crypt:3  | Noticed a royal mummy
 46815 | Crypt:3  | Killed a royal mummy
 46816 | Crypt:3  | Reached skill level 21 in Fighting
 47049 | Crypt:3  | Identified the +5 great sword of Taeggul {elec, Drain rN++
                  | Will+ Dex-4}
 47178 | Crypt:3  | Noticed Vv
 47205 | Crypt:3  | Killed Vv
 47425 | Crypt:3  | Noticed Frederick
 47436 | Crypt:3  | Killed Frederick
 47790 | Crypt:3  | Noticed Sojobo
 47794 | Crypt:3  | Found an ancient bone altar of Kikubaaqudgha.
 47799 | Crypt:3  | Killed Sojobo
 47942 | Crypt:3  | Received a gift from Okawaru
 48159 | Crypt:3  | Noticed an ancient lich
 48164 | Crypt:3  | Reached XP level 25. HP: 209/215 MP: 35/35
 48166 | Crypt:3  | Identified the +8 broad axe "Udutsen" {drain, +Blink rElec
                  | Int+4 Stlth-}
 48178 | Crypt:3  | Killed an ancient lich
 48195 | Crypt:3  | Got the Grimoire of Death
 48260 | Crypt:3  | Identified the ring "Kacinusk" {rN+ MP+9 Str-3 Dex+3}
 48753 | Crypt:3  | Found a staircase to the Tomb.
 48929 | Crypt:3  | Got Cerebov's Grimoire of the Pyre
 49382 | Depths:1 | Entered Level 1 of the Depths
 49584 | Depths:1 | Received a gift from Okawaru
 49848 | Depths:1 | Found a one-way gateway to a ziggurat.
 49848 | Depths:1 | Noticed a dread lich
 49859 | Depths:1 | Killed a dread lich
 50326 | Depths:2 | Noticed Mara
 50331 | Depths:2 | Noticed Bnni's illusion
 50337 | Depths:2 | Killed Mara
 50346 | Depths:2 | Found an opulent altar of Gozag.
 50606 | Depths:2 | Noticed the Enchantress
 50621 | Depths:2 | Killed the Enchantress
 50844 | Depths:2 | Noticed a caustic shrike
 50857 | Depths:2 | Killed a caustic shrike
 50912 | Depths:2 | Received a gift from Okawaru
 51046 | Depths:2 | Reached XP level 26. HP: 224/224 MP: 35/35
 51061 | Depths:2 | Reached skill level 22 in Fighting
 51195 | Depths:2 | Found a one-way gate leading to the halls of Pandemonium.
 51547 | Depths:3 | Found an iron altar of Okawaru.
 51684 | Depths:3 | Identified the +0 leather armour of Fortitude {Fly rF+
                  | Slay+2}
 51685 | Depths:3 | Identified the +1 troll leather armour of the Heavens {Harm
                  | Will+ Regen+ Str+5 Dex-4}
 51754 | Depths:3 | Identified the +1 leather armour "Juqeal" {Regen+ SInv}
 51786 | Depths:3 | Identified the +1 helmet of Ulautz {Dex+4}
 51842 | Depths:3 | Identified the +11 spear of Hubris {freeze, rC+ rCorr
                  | Int-5}
 51944 | Depths:3 | Reached skill level 15 in Armour
 51963 | Depths:3 | Identified the +2 pair of gloves "Zish" {-Cast rPois rN+++}
                  | (Okawaru gifted it to you on level 3 of the Depths)
 51963 | Depths:3 | Received a gift from Okawaru
 51997 | Depths:3 | Found a one-way gate to the infinite horrors of the Abyss.
 52609 | Depths:4 | Entered Level 4 of the Depths
 52966 | Depths:4 | Found a gate to the Realm of Zot.
 53811 | Slime:1  | Entered Level 1 of the Pits of Slime
 53981 | Slime:1  | Reached skill level 15 in Translocations
 54003 | Slime:1  | Learned a level 8 spell: Disjunction
 54097 | Slime:1  | Received a gift from Okawaru
 54591 | Slime:3  | Gained mutation: You expend magic power (3 MP) to
                  | strengthen your wands. [a shining eye]
 54954 | Slime:4  | Reached XP level 27. HP: 233/233 MP: 29/35
 55279 | Slime:5  | Entered Level 5 of the Pits of Slime
 55390 | Slime:5  | Noticed Dissolution
 55403 | Slime:5  | Killed Dissolution
 55459 | Slime:5  | Noticed the Royal Jelly
 55641 | Slime:5  | Killed the Royal Jelly
 55669 | Slime:5  | Found the +8 trishula "Condemnation" {holy, anguish, *Noise
                  | Fly rN+}
 55721 | Slime:5  | Got the Codex of Dusty Bolts
 55749 | Slime:5  | Got a slimy rune of Zot
 55770 | Slime:5  | Identified the amulet "Ceussitu" {Spirit Stlth+}
 55805 | Slime:5  | Identified the +7 rapier "Conservator" {elec, Fly Str-5
                  | Int+2 Dex+6}
 55914 | Slime:5  | Learned a level 4 spell: Passage of Golubria
 55917 | Slime:5  | Learned a level 2 spell: Wereblood
 56408 | Depths:3 | Voluntarily entered the Abyss.
 56467 | Abyss:1  | Received a gift from Okawaru
 56579 | Abyss:2  | Found a corrupted altar of Lugonu.
 56637 | Abyss:2  | Reached skill level 1 in Transmutations
 56976 | Abyss:3  | Got an abyssal rune of Zot
 56993 | Abyss:3  | Received a gift from Okawaru
 57043 | Depths:3 | Escaped the Abyss
 57091 | Hell     | Entered the Vestibule of Hell
 57091 | Hell     | Noticed Geryon
 57120 | Hell     | Killed Geryon
 57133 | Hell     | Reached skill level 15 in Dodging
 57482 | Vaults:5 | Entered Level 5 of the Vaults
 57484 | Vaults:5 | Noticed an ancient lich
 57517 | Vaults:5 | Killed an ancient lich
 57547 | Vaults:5 | Reached skill level 23 in Fighting
 57632 | Vaults:5 | Identified the +5 tower shield of Ohir Ith {rF+} (Okawaru
                  | gifted it to you on level 5 of the Vaults)
 57632 | Vaults:5 | Received a gift from Okawaru
 57643 | Vaults:5 | Reached skill level 10 in Spellcasting
 57751 | Vaults:5 | Identified the +1 robe of Kearan {Harm rC- Will+ Int+3}
 57888 | Vaults:5 | Identified the +3 spear of Dried Tears {vamp, Str+3}
 58007 | Vaults:5 | Got a silver rune of Zot
 58008 | Vaults:5 | Identified the +1 scale mail of Lary {Will++}
 58086 | Vaults:5 | Identified the +11 scimitar of the Valley {flame, Int+3}
 58193 | Vaults:5 | Identified the +10 scimitar of Xisik {flame, rCorr Dex+6}
 58291 | Vaults:5 | Noticed Jory
 58299 | Vaults:5 | Killed Jory
 58859 | Vaults:5 | Found the +8 autumn katana {vorpal, manifold assault}
 59308 | Tomb:1   | Entered Level 1 of the Tomb of the Ancients
 59469 | Arena    | Entered the Arena
 59513 | Tomb:1   | Noticed a royal mummy
 59524 | Arena    | Entered the Arena
 59536 | Arena    | Killed a royal mummy
 59536 | Arena    | Identified the +0 cloak "Peimmem" {rN+} (Okawaru gifted it
                  | to you in the Arena)
 59536 | Arena    | Received a gift from Okawaru
 59554 | Arena    | Entered the Arena
 61066 | Zot:1    | Entered Level 1 of the Realm of Zot
 61242 | Zot:1    | Noticed an orb of fire
 61255 | Zot:1    | Killed an orb of fire
 61435 | Arena    | Entered the Arena
 61444 | Arena    | Reached skill level 24 in Fighting
 61645 | Zot:1    | Identified the ring of Wassecho {Ice rPois Str+3}
 61645 | Zot:1    | Noticed Josephina
 61662 | Zot:1    | Killed Josephina
 62935 | Zot:3    | Noticed a Killer Klown
 62948 | Zot:3    | Killed a Killer Klown
 62963 | Zot:3    | Received a gift from Okawaru
 63642 | Zot:4    | Found a transporter.
 63651 | Zot:4    | Found a transporter.
 63660 | Zot:4    | Found a transporter.
 63662 | Zot:4    | Found a transporter.
 63801 | Zot:4    | Found a transporter.
 63828 | Zot:4    | Found a transporter.
 64307 | Hell     | Found a gateway to the decaying netherworld of Tartarus.
 64417 | Hell     | Reached skill level 25 in Fighting
 64440 | Hell     | Found a gateway to the ashen valley of Gehenna.
 65061 | Hell     | Found a gateway to the Iron City of Dis.
 65148 | Hell     | Found a gateway to the freezing wastes of Cocytus.
 65370 | Coc:1    | Entered Level 1 of Cocytus
 65379 | Coc:1    | Noticed an ancient lich
 65391 | Coc:1    | Killed an ancient lich
 66133 | Coc:3    | Identified the +6 hand axe of Domination {holy, rN+ Int+3
                  | SInv} (Okawaru gifted it to you on level 3 of Cocytus)
 66133 | Coc:3    | Received a gift from Okawaru
 66243 | Arena    | Entered the Arena
 66529 | Coc:5    | You are sucked into a shaft and drop 1 floor!
 66529 | Coc:6    | Noticed a shard shrike
 66532 | Coc:6    | Killed a shard shrike
 66534 | Coc:6    | Noticed a shard shrike
 66543 | Coc:6    | Killed a shard shrike
 66546 | Coc:6    | Noticed a shard shrike
 66546 | Coc:6    | Noticed a shard shrike
 66547 | Arena    | Entered the Arena
 66572 | Coc:6    | Noticed a shard shrike
 66586 | Coc:6    | Killed a shard shrike
 66590 | Coc:6    | Killed a shard shrike
 66598 | Coc:6    | Killed a shard shrike
 66860 | Coc:7    | Entered Level 7 of Cocytus
 66861 | Arena    | Entered the Arena
 66905 | Coc:7    | Reached skill level 26 in Fighting
 66959 | Coc:7    | Noticed a shard shrike
 66964 | Coc:7    | Killed a shard shrike
 66968 | Coc:7    | Noticed a shard shrike
 66979 | Coc:7    | Killed a shard shrike
 67188 | Coc:7    | Noticed a shard shrike
 67190 | Coc:7    | Noticed a shard shrike
 67192 | Coc:7    | Killed a shard shrike
 67195 | Coc:7    | Killed a shard shrike
 67250 | Coc:7    | Noticed a shard shrike
 67258 | Arena    | Entered the Arena
 67264 | Arena    | Received a gift from Okawaru
 67279 | Coc:7    | Killed a shard shrike
 67483 | Coc:7    | Noticed a shard shrike
 67494 | Coc:7    | Killed a shard shrike
 67697 | Coc:7    | Found the +7 great mace "Firestarter" {inner flame, rF++}
 67697 | Coc:7    | Found the +0 mask of the Dragon {Will+ Slay+3 SInv}
 68148 | Coc:7    | Noticed a shard shrike
 68159 | Coc:7    | Killed a shard shrike
 68204 | Coc:7    | Noticed a shard shrike
 68210 | Coc:7    | Noticed a shard shrike
 68217 | Coc:7    | Killed a shard shrike
 68219 | Coc:7    | Killed a shard shrike
 68232 | Coc:7    | Noticed a shard shrike
 68241 | Coc:7    | Killed a shard shrike
 68463 | Coc:7    | Noticed a shard shrike
 68465 | Coc:7    | Noticed a shard shrike
 68473 | Coc:7    | Killed a shard shrike
 68474 | Coc:7    | Killed a shard shrike
 68779 | Coc:7    | Noticed a shard shrike
 68780 | Coc:7    | Identified the ring of the Equinox {Fire rElec Will- rCorr
                  | Slay-5}
 68780 | Coc:7    | Noticed Antaeus
 68789 | Coc:7    | Killed a shard shrike
 68795 | Arena    | Entered the Arena
 68821 | Arena    | Killed Antaeus
 69041 | Coc:7    | Noticed a shard shrike
 69052 | Coc:7    | Found the +3 giant club "Skullcrusher" {speed, Str+7}
 69067 | Coc:7    | Got an icy rune of Zot
 69214 | Tar:1    | Entered Level 1 of Tartarus
 69663 | Tar:3    | HP: 10/225 [doom hound (10)]
 69665 | Tar:3    | HP: 2/225 [doom hound (13)]
 69668 | Tar:3    | Slain by a doom hound

Illustrated notes

Levels and vault maps discovered:
D:1:      saegor_arrival_simple_a, layout_basic,
          nicolae_concentric_dashed_squares_wild
D:2:      layout_loops_ring, chequers_garden
D:3:      layout_rooms, mainiacjoe_overflow_brackets, nzn_wu_jian_council_hall
D:4:      cheibrodos_barr_body, layout_rooms, minmay_temple_entry_ruins,
          nicolae_stop_n_shop_1, chequers_arboretum, uniq_robin, uniq_natasha
D:5:      layout_cave_pools, kennysheep_generic_room_13
D:6:      layout_layer_cave, serial_shops, nicolae_shop_bloodbath_and_beyond,
          uniq_menkaure
D:7:      layout_rooms, uniq_crazy_yiuf_cottage
D:8:      layout_loops_cross, nicolae_hepliaklqana_monster_ancestors,
          nicolae_overflow_crystal_walls, mainiacjoe_overflow_chevrons,
          marbit_many_paths, enter_bailey_5, uniq_grum, uniq_maggie,
          uniq_prince_ribbit1
D:9:      layout_long_grid, minmay_misc_feat_plants
D:10:     layout_loops_corners, old_standard_altar,
          mainiacjoe_overflow_tiny_flanked, serial_co_window_serial,
          co_window_paths_a, co_window_paths_a, co_window_paths_a,
          co_window_of_opportunity_a, co_window_cross_1,
          co_window_of_opportunity_a, co_window_corner_a, co_window_corner_ca,
          co_window_of_opportunity_c, co_window_2corner,
          co_window_of_opportunity_c, co_window_unsneaky_path_d,
          co_window_4corner_a, co_window_paths_d, glass_columns_a,
          glass_columns_c, glass_columns_a, glass_columns_c, glass_columns_a
D:11:     layout_stronghold, david_lair_generic, uniq_snorg
D:12:     layout_long_grid, orc_0_dummy, serial_demonic, serial_demonic_f,
          serial_demonic_b, serial_demonic_e, serial_demonic_g,
          serial_demonic_g, serial_demonic_b, bh_walls_and_bars
D:13:     minmay_tri_box, layout_rooms, david_vaults_1, gauntlet_entry_generic,
          minmay_misc_feat_diagonals, trog_butcher_becter
D:14:     layout_layer_cave, serial_glass, glass_columns_b, glass_columns_b,
          glass_columns_a, glass_columns_b, glass_columns_a, glass_columns_c,
          glass_columns_b, glass_columns_a, minmay_strange_pillars,
          item_on_display_a
D:15:     grunt_enter_depths_hoard, layout_loops_ring,
          minmay_misc_feat_secret_circle, serial_co_window_serial,
          co_window_of_opportunity_a, co_window_paths_b, co_window_paths_b,
          co_window_corner_a, co_window_of_opportunity_a,
          co_window_of_opportunity_b, co_window_cross_2, co_window_broadway_b,
          co_window_unsneaky_path_e, co_window_paths_d, co_window_4corner_a,
          glass_columns_a, glass_columns_a, glass_columns_a, glass_columns_c,
          glass_columns_a, uniq_azrael
Temple:   jpeg_temple_clearing
Lair:1:   layout_loops_ring, basic_altar, uniq_gastronok, uniq_erica
Lair:2:   layout_hall_layers
Lair:3:   layout_loops_ring, minmay_swamp_entry_worms,
          minmay_snake_entry_six_corridors, grunt_forest_stairs_basic,
          grunt_forest_large_clearing_hut
Lair:4:   layout_hall_layers, lemuel_old_faithful
Lair:5:   evil_forest, layout_cave_pods, minmay_slime_entry_jelly_boxes,
          chequers_serial_rivers_large_a
Swamp:1:  layout_basic_swamp, hangedman_swamp_ruin_wall
Swamp:2:  layout_basic_swamp, ebering_ghost_rock_garden,
          evilmike_swamp_ruin_house_1
Swamp:3:  layout_basic_swamp, evilmike_swamp_ruin_house_2
Swamp:4:  swamp_alternative, layout_basic_swamp, gammafunk_ghost_split,
          swamp_pool2, uniq_kirke
Snake:1:  layout_concentric_octagons, uniq_roxanne
Snake:2:  layout_misc_corridors
Snake:3:  layout_misc_corridors, gammafunk_ghost_wrathful_warriors,
          serial_shops, nicolae_diamond_shop, nicolae_snake_snake_lake,
          minmay_shoptagon
Snake:4:  grunt_snake_rune_pools, layout_chambers, drop_trap, eino_curves_04,
          nicolae_snake_magic_snake_eye, grunt_megastairs_2, uniq_vashnia,
          uniq_mlioglotl
Slime:1:  layout_caves
Slime:2:  layout_caves
Slime:3:  layout_caves
Slime:4:  layout_caves
Slime:5:  uniq_dissolution
Orc:1:    layout_caves, nicolae_orc_stony_grotto, nicolae_orc_rockfall
Orc:2:    pubby_orc_utopia, uniq_maurice, uniq_jorgrun
Elf:1:    layout_gridlike, serial_shops, shop, minmay_elf_necromancy
Elf:2:    nicolae_elf_blades_crystal_corner, layout_gridlike,
          hangedman_feature_mirror, lemuel_upstairs_altar
Elf:3:    grunt_elf_hall_branching, layout_gridlike,
          portal_ice_cave_entry_frozen_things, serial_shops,
          nicolae_shop_behind_doors
Vaults:1: v_misc_28, v_pattern_2, v_misc_28, nicolae_vaults_disjoint_gnomons,
          v_alt_pattern_1, v_rooms_1, grunt_vaults_diagonal, v_rooms_3,
          v_misc_23, grunt_vaults_hallway_short, grunt_vaults_hallway_long,
          layout_vaults_omnibox, serial_shops, shop, uniq_saint_roka
Vaults:2: v_misc_33, v_rooms_2, nicolae_vaults_little_squares_6,
          nicolae_vaults_asterisk, v_misc_15, nicolae_vaults_circle_grid_b,
          v_misc_8, v_misc_5, layout_vaults_quadrants
Vaults:3: minmay_crypt_entry_simple_round, ontoclasm_vaults_claustrophobia,
          hangedman_vaults_stretched_pinwheel, nicolae_vaults_hallways_thing,
          nicolae_vaults_disjoint_gnomons, hangedman_vaults_corner_blocks,
          v_alt_pattern_3, v_rooms_4, dpeg_vaults_monster_box,
          nicolae_vaults_little_ls, vaults_room_semicircle,
          grunt_vaults_hallway_long, vaults_dpeg_cross, layout_vaults_omnicross
Vaults:4: hangedman_vaults_corner, nicolae_vaults_octagons, v_misc_29,
          vaults_dpeg_encased_lava, hangedman_vaults_corner_blocks,
          hangedman_vaults_restitches, nicolae_vaults_triangles,
          nicolae_vaults_border_crossing,
          nicolae_vaults_windows_and_doors_thing, v_misc_19,
          nicolae_vaults_rhombus_5, layout_vaults_maze, uniq_aizul
Vaults:5: uniq_jory
Crypt:1:  layout_basic, nrook_guardian_serpent_ordinary,
          grunt_crypt_arrival_webbed
Crypt:2:  layout_gridlike, gammafunk_ghost_spectres, beargit_elvish_explorers
Crypt:3:  evilmike_haunted_forest, uniq_sojobo, uniq_vv, uniq_khufu,
          uniq_frederick
Tomb:1
Depths:1: layout_basic, enter_ziggurat_c, hell_entry,
          nicolae_concentric_dashed_squares_mild, kennysheep_generic_room_14
Depths:2: nicolae_legendary_halls, layout_cave_pools, grunt_mini_vestibule,
          nicolae_gozag_seed_capital, rand_demon_pan_entry_8,
          hangedman_abyss_or_decor_jellyfish_corner,
          infiniplex_staircase_pool_1, uniq_enchantress, uniq_mara
Depths:3: evilmike_iron_armoury, layout_long_grid, abyss_entry,
          grunt_pan_entry_in_and_out, serial_sigils_hangedman_snap, hell_entry,
          uniq_margery
Depths:4: evilmike_zot_entry_argh, layout_gridville,
          ebering_dispersal_statue_hall, grunt_hell_entry_dis_grunt
Hell
Coc:1:    layout_ice_bergs
Coc:2:    layout_cocytus_delve
Coc:3:    layout_ice_bergs
Coc:4:    layout_cocytus_water_paths
Coc:5:    layout_cocytus_water_paths, serial_ice
Coc:6:    layout_cocytus_delve
Coc:7:    coc_grunt
Tar:1:    layout_grid_maze
Tar:2:    layout_cathedral_of_symmetry
Tar:3:    nicolae_tar_intersect_combbox, layout_cathedral_of_symmetry
Zot:1:    layout_misc_corridors, grunt_megastairs_5, uniq_josephina
Zot:2:    layout_onion_interference
Zot:3:    layout_cellular_growth, st_stairs_9
Zot:4:    layout_onion_interference, serial_nicolae_subway,
          nicolae_sub_station_metal, nicolae_sub_station_stone,
          nicolae_sub_station_crystal

Skill      XL: |  1  2  3  4  5  6  7  8  9 10 11 12 13 14 15 16 17 18 19 20 21 22 23 24 25 26 27 |
---------------+----------------------------------------------------------------------------------+-----
Axes           | 3 4 5 6 7 9 11 12 13 15 16 17 18 19 20 21 22 24 | 24.0
Fighting       | 4 5 6 7 9 10 11 12 13 14 15 16 17 18 19 20 21 22 26 | 26.0
Shields        | 5 7 9 10 11 12 14 15 21 | 21.0
Invocations    | 2 3 5 6 8 9 10 12 13 | 13.0
Armour         | 5 7 9 10 11 12 14 16 22 | 22.7
Dodging        | 3 5 7 10 12 13 14 15 | 15.0
Translocations | 4 7 9 11 12 13 15 21 | 21.3
Ranged Weapons | 2 6 10 12 13 | 13.0
Spellcasting   | 3 5 7 8 11 | 11.2
Hexes          | 2 3 |  3.0
Air Magic      | 3 |  3.0
Transmutations | 4 |  4.0

Action                   |  1- 3 |  4- 6 |  7- 9 | 10-12 | 13-15 | 16-18 | 19-21 | 22-24 | 25-27 || total
-------------------------+-------+-------+-------+-------+-------+-------+-------+-------+-------++-------
Melee: War axe           |   102 |    79 |   234 |     8 |       |       |       |       |       ||   423
       Battleaxe         |       |       |       |   458 |   660 |  1025 |  1231 |   308 |       ||  3682
       Halberd           |       |       |       |    11 |       |       |       |       |       ||    11
       Broad axe         |       |       |       |       |    33 |       |       |       |       ||    33
       Executioner's axe |       |       |       |       |       |       |       |   987 |  3513 ||  4500
Throw: Dart              |       |     6 |       |     1 |       |       |       |       |       ||     7
       Throwing net      |       |       |       |       |       |       |       |       |     4 ||     4
 Cast: Lesser Beckoning  |       |       |       |       |       |       |    53 |    45 |   126 ||   224
       Manifold Assault  |       |       |       |       |       |       |     5 |     5 |   222 ||   232
       Vhi's Electric Ch |       |       |       |       |       |       |    16 |    36 |   210 ||   262
       Wereblood         |       |       |       |       |       |       |       |       |     6 ||     6
Invok: Heroism           |       |     1 |     2 |     5 |     9 |    10 |    15 |    16 |    19 ||    77
       Finesse           |       |       |       |     2 |     2 |     4 |     6 |     5 |    15 ||    34
       Duel              |       |       |       |       |     1 |     2 |       |       |     9 ||    12
 Abil: Dig               |       |     2 |       |     1 |     1 |       |     3 |     1 |     3 ||    11
Evoke: Wand              |       |       |       |     1 |       |       |       |       |     2 ||     3
  Use: Scroll            |       |       |     5 |     5 |    17 |     2 |     1 |     4 |    14 ||    48
       Potion            |       |       |       |     2 |     7 |     2 |     4 |     2 |    33 ||    50
 Stab: Distracted        |       |       |       |       |     2 |       |     1 |       |       ||     3
       Confused          |       |       |       |       |       |       |     1 |       |     1 ||     2
       Paralysed         |       |       |       |       |       |       |     1 |       |       ||     1
       Sleeping          |       |       |       |       |       |       |       |       |     1 ||     1
Armor: Scale mail        |    59 |    39 |    92 |     6 |       |       |       |       |       ||   196
       Plate armour      |       |       |       |   143 |   365 |   277 |    18 |   338 |    56 ||  1197
       Chain mail        |       |       |       |    79 |     3 |       |   241 |     6 |       ||   329
       Gold dragon scale |       |       |       |       |       |       |    24 |       |       ||    24
       Ice dragon scales |       |       |       |       |       |       |       |       |   667 ||   667
Dodge: Dodged            |    50 |    37 |   102 |   270 |   283 |   186 |   198 |   284 |  1187 ||  2597
       Repelled          |       |       |       |       |       |       |       |     9 |    20 ||    29
Block: Buckler           |    27 |    21 |    71 |     2 |       |       |       |       |       ||   121
       Kite shield       |       |       |       |   387 |   396 |   683 |   912 |   962 |  2475 ||  5815

Table legend: (Time is in decaauts)
 A = Elapsed time spent in this place.
 B = Non-inter-level travel time spent in this place.
 C = Inter-level travel time spent in this place.
 D = Time resting spent in this place.
 E = Time spent auto-exploring this place.
 F = Levels seen in this place.
 G = Mean time per level.
                   A        B        C        D        E       F      G
               +--------+--------+--------+--------+--------+-----+--------+
         Total |  68121 |  63115 |   5006 |   7287 |  39039 |  85 |  801.4 |
       Dungeon |  13026 |  11797 |   1229 |    148 |   8913 |  15 |  868.4 |
        Temple |    110 |     60 |     50 |      0 |     38 |   1 |  110.0 |
          Lair |   5997 |   5272 |    725 |    302 |   4002 |   5 | 1199.4 |
         Swamp |   3247 |   3073 |    174 |    530 |   1608 |   4 |  811.8 |
     Snake Pit |   5424 |   5039 |    385 |    460 |   3074 |   4 | 1356.0 |
    Slime Pits |   2161 |   2040 |    121 |    197 |   1329 |   5 |  432.2 |
  Orcish Mines |   3047 |   2835 |    212 |      9 |   1991 |   2 | 1523.5 |
   Elven Halls |   5104 |   4810 |    294 |    811 |   2674 |   3 | 1701.3 |
        Vaults |   8230 |   7696 |    534 |    493 |   5738 |   5 | 1646.0 |
         Crypt |   5874 |   5474 |    400 |    723 |   3507 |   3 | 1958.0 |
          Tomb |   1291 |   1175 |    116 |    511 |    193 |   1 | 1291.0 |
        Depths |   4411 |   4043 |    368 |    183 |   2834 |   4 | 1102.8 |
          Hell |   1608 |   1533 |     75 |    261 |    929 |   1 | 1608.0 |
       Cocytus |   3275 |   3099 |    176 |   2125 |      0 |   7 |  467.9 |
      Tartarus |    425 |    425 |      0 |    238 |      0 |   3 |  141.7 |
           Zot |   2768 |   2626 |    142 |      4 |   1972 |   4 |  692.0 |
         Abyss |    590 |    590 |      0 |      0 |     52 |   3 |  196.7 |
        Bailey |    348 |    348 |      0 |      0 |     30 |   1 |  348.0 |
      Ice Cave |    457 |    457 |      0 |     86 |     97 |   1 |  457.0 |
      Gauntlet |    482 |    482 |      0 |    136 |     57 |   1 |  482.0 |
         Arena |    236 |    236 |      0 |     66 |      0 |  12 |   19.7 |
               +--------+--------+--------+--------+--------+-----+--------+

Top non-repeatable levels by time:
 Crypt:3: 2752 daAuts
   Orc:2: 2248 daAuts
  Lair:5: 2210 daAuts
   Coc:7: 2146 daAuts
Vaults:1: 2039 daAuts
   Elf:3: 2014 daAuts
 Snake:4: 2000 daAuts
 Crypt:2: 1867 daAuts
Vaults:3: 1831 daAuts
Vaults:2: 1805 daAuts
   Elf:2: 1751 daAuts
    Hell: 1608 daAuts
    D:15: 1547 daAuts
 Snake:1: 1432 daAuts
Vaults:5: 1373 daAuts
